 Dungeon Crawl Stone Soup version 0.26.1-11-gd32895ea62 (webtiles) character file.

Game seed: 5554235274094168064

378 Almogavar the Slasher (level 6, -16/51 HPs)
             Began as a Barachi Berserker on May 7, 2021.
             Was a Priest of Trog.
             Demolished by an ogre
             ... wielding a +0 giant club
              (27 damage)
             ... on level 4 of the Dungeon.
             The game lasted 00:09:15 (4896 turns).

Almogavar the Slasher (Barachi Berserker)           Turns: 4896, Time: 00:09:16

Health: -16/51     AC:  4    Str: 20    XL:     6   Next: 74%
Magic:  6/6        EV: 13    Int:  8    God:    Trog [***...]
Gold:   217        SH:  0    Dex: 11    Spells: 5/5 levels left

rFire    . . .     SeeInvis .   a - +1 falchion
rCold    . . .     Faith    .   (no shield)
rNeg     . . .     Spirit   .   n - +0 leather armour
rPois    .         Reflect  .   (no helmet)
rElec    .         Harm     .   r - +0 cloak
rCorr    .         Rampage  .   (no gloves)
Will     .....                  (no boots)
Stlth    +.........             (no amulet)
HPRegen  0.17/turn              (no ring)
MPRegen  0.10/turn              (no ring)

@: lethally poisoned (-16 -> -17), slow
A: +LOS, swims, slowness 1, strong legs 1
a: Hop, Renounce Religion, Berserk, Trog's Hand


You were on level 4 of the Dungeon.
You worshipped Trog.
Trog was most pleased with you.
You visited 1 branch of the dungeon, and saw 4 of its levels.

You collected 217 gold pieces.

Inventory:

Hand Weapons
 a - a +1 falchion (weapon)
Missiles
 h - 18 poisoned darts (quivered)
 i - 35 sling bullets
 j - 119 stones
Armour
 k - a +0 ring mail
 n - a +0 leather armour (worn)
 r - a +0 cloak (worn)
Scrolls
 f - 2 scrolls of teleportation
 g - a scroll of magic mapping
 o - a scroll of enchant weapon
 s - a scroll of identify {unknown}
 t - 4 scrolls of blinking
 v - a scroll of remove curse {unknown}
Potions
 b - a potion of magic {unknown}
 c - a potion of mutation {unknown}
 d - 3 potions of brilliance {unknown}
 e - 2 potions of flight {unknown}
 l - a potion of heal wounds {unknown}
 m - 2 potions of might {unknown}
 p - a potion of haste {unknown}
 q - a potion of lignification {unknown}
 u - a potion of curing {unknown}


   Skills:
 + Level 5.1 Fighting
 + Level 6.3 Long Blades
 + Level 1.2 Throwing
 + Level 3.2 Armour
 + Level 3.8 Dodging
 + Level 1.0 Stealth


You had 5 spell levels left.
You didn't know any spells.
Your spell library was empty.

Dungeon Overview and Level Annotations

Branches:
Dungeon (4/15)
 Temple: D:4-7

Altars:
Ashenzari
Dithmenos
Nemelex Xobeh
Vehumet


Innate Abilities, Weirdness & Mutations

You can be seen from farther away. (+LOS)
You can swim through water.
You cover ground slowly.
You can hop short distances.


Message History

The ogre is almost dead.
The ogre completely misses you.
You barely miss the ogre.
The ogre is almost dead.
The ogre looks more healthy.
The ogre hits you but does no damage.
You hit the ogre but do no damage.
The ogre is almost dead.
Throw: 19 darts (poison)
Press: ? - help, Q - select action, (/) - cycle Shift-Dir - straight line, f - jackal, p - ogre
Aim: a jackal (50% to hit)
You throw a poisoned dart. The poisoned dart hits the ogre.
The ogre is poisoned.
The ogre is almost dead.
You feel sick. The ogre closely misses you.
You riposte.
You hit the ogre.
The ogre is almost dead.
Your leather armour prevents you from hitting the ogre.
The ogre is almost dead.
The ogre hits you with a +0 giant club!!
Ouch! That really hurt!
You die...

#.........#
#.........#
#....##.###
#.........#
###....##.#
#########.# .
.......##.# #.# ..
##.###.#### #.#
... #.....### #.##
.... #####...#
#..# ..(..
#...#.#.+
##########.#......
#.#.#.###
#@Oh((.(((.'......
#.....#
##########.#......
###.######### #.#
..... #.........#
..# ...[
#########.########
#.. .$.
#.#.......... #..
## #....########
#... #...#....#..#
..#.
###.###.#.....#
###..


You could see an ogre (poisoned) and a jackal.

Vanquished Creatures
  A phantom (D:4)
  Jessica (D:3)
  A worker ant (D:4)
  16 adders
  2 oozes (D:3)
  2 worms
  2 dart slugs (D:1)
  A leopard gecko (D:1)
  8 orcs (D:3)
  5 giant cockroaches
  5 goblins
  9 hobgoblins
  3 jackals (D:2)
  4 kobolds
  2 quokkas (D:2)
  9 bats
  8 frilled lizards
  7 rats
86 creatures vanquished.

Vanquished Creatures (others)
  A plant (D:4)
1 creature vanquished.

Grand Total: 87 creatures vanquished

Notes
Turn   | Place    | Note
-------+----------+-------------------------------------------
     0 | D:1      | Almogavar the Barachi Berserker began the quest for the
                  | Orb.
     0 | D:1      | Reached XP level 1. HP: 18/18 MP: 1/1
   158 | D:1      | Reached XP level 2. HP: 20/25 MP: 2/2
   229 | D:1      | Reached skill level 4 in Long Blades
   751 | D:1      | Reached XP level 3. HP: 21/30 MP: 3/3
  1267 | D:2      | Reached ** piety under Trog
  1488 | D:2      | Reached XP level 4. HP: 23/38 MP: 4/4
  1732 | D:2      | Found a broken altar of Ashenzari.
  1959 | D:2      | Reached XP level 5. HP: 24/43 MP: 5/5
  2346 | D:2      | Reached skill level 5 in Long Blades
  2646 | D:3      | Found a shadowy altar of Dithmenos.
  2647 | D:3      | Found a radiant altar of Vehumet.
  3231 | D:3      | Reached *** piety under Trog
  3238 | D:3      | Found a sparkling altar of Nemelex Xobeh.
  3238 | D:3      | Noticed Jessica
  3243 | D:3      | Killed Jessica
  3921 | D:3      | Reached XP level 6. HP: 47/50 MP: 6/6
  4179 | D:4      | Reached skill level 5 in Fighting
  4431 | D:4      | Reached skill level 1 in Throwing
  4628 | D:4      | Noticed a phantom
  4670 | D:4      | Killed a phantom
  4671 | D:4      | Reached skill level 6 in Long Blades
  4671 | D:4      | Reached skill level 1 in Stealth
  4896 | D:4      | Demolished by an ogre

Illustrated notes

Levels and vault maps discovered:
D:1:      saegor_arrival_simple_a, layout_loops_ring, minmay_misc_feat_roman
D:2:      layout_basic, nicolae_overflow_crystal_walls,
          kennysheep_generic_room_10
D:3:      layout_loops_cross, grunt_temple_overflow_open,
          nemelex_lonely_heart_becter
D:4:      layout_basic, kennysheep_little_box,
          minmay_temple_entry_statues_pillars,
          eino_small_chamber_without_monster, guppyfry_early_lair_pool

Skill      XL: |  1  2  3  4  5  6 |
---------------+-------------------+-----
Fighting       | 4 5 |  5.1
Long Blades    | 4 5 6 |  6.3
Dodging        | 3 |  3.8
Armour         | 3 |  3.2
Throwing       | 1 |  1.2
Stealth        | 1 |  1.0

Action                   |  1- 3 |  4- 6 || total
-------------------------+-------+-------++-------
Melee: Falchion          |   100 |   212 ||   312
Throw: Dart              |       |    33 ||    33
Invok: Trog's Hand       |       |     1 ||     1
  Use: Scroll            |       |     6 ||     6
 Stab: Sleeping          |     1 |       ||     1
Armor: Animal skin       |    13 |       ||    13
       Leather armour    |     8 |    55 ||    63
Dodge: Dodged            |    72 |   138 ||   210
       Rpst.: Falchion   |    16 |    53 ||    69
